 Dungeon Crawl Stone Soup version 0.23.1-38-g628c18f (webtiles) character file.

Game seed: 5892728201338123768

1328 Borgoz the Ducker (level 8, 0/48 HPs)
             Began as a Kobold Hunter on Mar 28, 2019.
             Was an Initiate of Ashenzari.
             Slain by an orc warrior
             ... wielding a +2 mace of crushing
              (3 damage)
             ... on level 6 of the Dungeon.
             The game lasted 00:09:43 (5475 turns).

Borgoz the Ducker (Kobold Hunter)                   Turns: 5475, Time: 00:09:43

Health: 0/48       AC: 11    Str: 15    XL:     8   Next: 91%
Magic:  10/10      EV: 17    Int: 11    God:    Ashenzari [......]
Gold:   221        SH:  0    Dex: 17    Spells: 7/7 levels left

rFire    . . .     SeeInvis .   a - +2 rapier (flame)
rCold    . . .     Gourm    .   (shield restricted)
rNeg     + . .     Faith    .   v - +3 leather armour
rPois    +         Spirit   .   u - +0 helmet
rElec    .         Reflect  .   p - +2 ratskin cloak {+Rats rPois rN+ Str-1 Int-1 Dex+1}
rCorr    .         Harm     .   (no gloves)
MR       .....                  q - +0 pair of boots
Stlth    ++........             (no amulet)
HPRegen  0.16/turn              (no ring)
MPRegen  0.12/turn              (no ring)

@: mighty, drained
A: small, carnivore
a: Curse Item, Renounce Religion, Evoke Ratskin


You were on level 6 of the Dungeon.
You worshipped Ashenzari.
Ashenzari was noncommittal.
You were very full.

You visited 2 branches of the dungeon, and saw 7 of its levels.
You also visited: Sewer.

You collected 221 gold pieces.

Inventory:

Hand Weapons
 a - a +2 rapier of flaming (weapon)
 b - a +1 hand crossbow
 j - a +1 short sword
Missiles
 d - 18 bolts
Armour
 p - the +2 ratskin cloak (worn) {+Rats rPois rN+ Str-1 Int-1 Dex+1}
   (You found it on level 5 of the Dungeon)

   It affects your strength (-1).
   It affects your intelligence (-1).
   It affects your dexterity (+1).
   It protects you from poison.
   It protects you from negative energy.
 q - a +0 pair of boots (worn)
 u - a +0 helmet (worn)
 v - a +3 leather armour (worn)
Wands
 m - a wand of polymorph (8)
 s - a wand of flame (38)
Scrolls
 c - a scroll of fog
 e - 6 scrolls of remove curse
 g - a scroll of magic mapping {unknown}
 k - a scroll of teleportation
Potions
 h - 4 potions of curing
 l - a potion of magic {unknown}
 o - 2 potions of might
 t - 3 potions of haste
 z - a potion of cancellation {unknown}
Comestibles
 f - 8 rations


   Skills:
 + Level 4.2(3.1) Fighting
 * Level 6.1(4.9) Short Blades
 - Level 4.8(3.6) Crossbows
 * Level 3.8(2.7) Armour
 * Level 6.3(5.1) Dodging
 + Level 5.0(3.8) Stealth
 + Level 3.2(2.1) Evocations


You had 7 spell levels left.
You didn't know any spells.
Your spell library was empty.

Dungeon Overview and Level Annotations

Branches:
Dungeon (6/15)             Temple (1/1) D:5

Altars:
Ashenzari
Cheibriados
Dithmenos
Elyvilon
Fedhas
Gozag
Hepliaklqana
Kikubaaqudgha
Makhleb
Nemelex Xobeh
Okawaru
Qazlal
Ru
Sif Muna
Trog
Uskayaw
Vehumet
Wu Jian
Xom
Yredelemnul
Zin
The Shining One


Innate Abilities, Weirdness & Mutations

You are small and have problems with some larger weapons.
You are carnivorous and can eat meat at any time.


Message History

The orc warrior is lightly wounded.
The orc warrior hits you but does no damage.
The orc hits you but does no damage.
You hit the orc warrior but do no damage.
The orc warrior is lightly wounded.
You hit the orc. You burn the orc.
The orc is almost dead.
The orc hits you but does no damage.
The orc warrior hits you with a +2 mace of crushing!!
* * * LOW HITPOINT WARNING * * *
x2 Unknown command.
You feel better. The orc hits you but does no damage.
The orc warrior closely misses you.
You feel better. The orc barely misses you. The orc warrior misses you.
It was a potion of might.
You feel very mighty all of a sudden. The orc hits you but does no damage.
The orc warrior hits you with a +2 mace of crushing!!
* * * LOW HITPOINT WARNING * * *
You die...

#### . ...
.. ..######
... ......#
.... .....#
...$.♣....##
......o....#
......o@.♣
.#.........#
#...♣....##
.... .....#
... ......#
.. ...#####
. .... .....


You could see an orc warrior and an orc.

Vanquished Creatures
  Sigmund (D:4)
  Eustachio (Temple)
  2 ogres
  Blork the orc (D:4)
  2 howler monkeys
  A crimson imp (Temple)
  An orc priest (D:5)
  2 centaur skeletons
  Ijyb (D:4)
  7 worker ants
  An iguana (D:4)
  3 hell rats (D:5)
  A hound skeleton (D:5)
  12 adders
  7 gnolls
  4 river rats (D:5)
  An ooze (D:2)
  4 worms
  A dart slug (D:1)
  3 leopard geckos (D:5)
  3 orcs
  2 ball pythons (Sewer)
  7 giant cockroaches
  2 goblins (D:3)
  8 hobgoblins
  6 jackals
  2 kobolds (D:1)
  3 bats (D:1)
  13 frilled lizards
  A quokka zombie (D:5)
  14 rats (D:5)
  A plant (Temple)
118 creatures vanquished.

Notes
Turn   | Place    | Note
-------+----------+-------------------------------------------
     0 | D:1      | Borgoz the Kobold Hunter began the quest for the Orb.
     0 | D:1      | Reached XP level 1. HP: 12/12 MP: 1/1
   192 | D:1      | Reached XP level 2. HP: 17/17 MP: 2/2
   479 | D:1      | Reached skill level 1 in Short Blades
   864 | D:2      | Reached XP level 3. HP: 22/22 MP: 3/3
   968 | D:2      | Reached skill level 1 in Armour
  1112 | D:2      | Reached XP level 4. HP: 27/27 MP: 4/4
  1425 | D:3      | Reached XP level 5. HP: 31/31 MP: 5/5
  1961 | D:3      | Noticed an ogre
  1965 | D:3      | Killed an ogre
  1965 | D:3      | Reached skill level 1 in Evocations
  1965 | D:3      | Reached XP level 6. HP: 37/37 MP: 6/6
  2475 | D:4      | Noticed Ijyb
  2489 | D:4      | Killed Ijyb
  2673 | D:4      | Reached XP level 7. HP: 41/41 MP: 8/8
  2893 | D:4      | Noticed Blork the orc
  2905 | D:4      | Killed Blork the orc
  3167 | D:4      | Reached skill level 5 in Dodging
  3454 | D:4      | Noticed Sigmund
  3471 | D:4      | Killed Sigmund
  3471 | D:4      | Reached skill level 5 in Short Blades
  3471 | D:4      | Reached XP level 8. HP: 24/48 MP: 9/9
  3800 | D:5      | Entered Level 5 of the Dungeon
  3810 | D:5      | Noticed Eustachio
  3820 | D:5      | Found a staircase to the Ecumenical Temple.
  3835 | Temple   | Entered the Ecumenical Temple
  3848 | Temple   | Killed Eustachio
  4174 | D:5      | Found a glowing drain.
  4187 | Sewer    | Entered a sewer
  4495 | D:5      | Found a shattered altar of Ashenzari.
  4522 | D:5      | Became a worshipper of Ashenzari the Shackled
  4840 | D:5      | Found the +2 ratskin cloak {+Rats rPois rN+ Str-1 Int-1
                  | Dex+1}
  4881 | D:5      | HP: 2/48 [hell rat (3)]
  5360 | D:5      | Reached skill level 5 in Stealth
  5475 | D:6      | Slain by an orc warrior

Skill      XL: |  1  2  3  4  5  6  7  8 |
---------------+-------------------------+-----
Short Blades   | 1 2 3 5 6 |  6.1
Dodging        | 3 4 5 6 |  6.3
Armour         | 1 2 3 |  3.8
Stealth        | 2 3 4 5 |  5.0
Fighting       | 3 4 |  4.2
Evocations     | 1 2 3 |  3.2
Crossbows      | |  4.8

Action                   |  1- 3 |  4- 6 |  7- 9 || total
-------------------------+-------+-------+-------++-------
Melee: Short sword       |       |       |    16 ||    16
       Rapier            |       |       |   222 ||   222
 Fire: Hand crossbow     |    43 |    89 |    78 ||   210
  Use: Scroll            |       |     1 |     8 ||     9
       Potion            |       |       |    11 ||    11
 Stab: Sleeping          |       |       |    11 ||    11
       Distracted        |       |       |     2 ||     2
  Eat: Chunk             |     8 |     6 |     8 ||    22
Armor: Leather armour    |     3 |     6 |    48 ||    57
Dodge: Dodged            |     6 |    43 |   246 ||   295
